 Dungeon Crawl Stone Soup version 0.18.1-50-g88ac8fd (webtiles) character file.

14 Amnesiac the Ducker (level 2, -2/18 HPs)
             Began as a Deep Elf Fighter on Mar 1, 2018.
             Slain by a worm (9 damage)
             ... on level 2 of the Dungeon.
             The game lasted 00:00:36 (273 turns).

Amnesiac the Ducker (Deep Elf Fighter)               Turns: 273, Time: 00:00:37

Health: -2/18      AC:  7    Str: 13    XL:     2   Next: 31%
Magic:  4/4        EV:  7    Int: 12    God:
Gold:   16         SH:  8    Dex: 14    Spells: 0 memorised, 1 level left

rFire  . . .     SeeInvis .     a - +0 rapier
rCold  . . .     Gourm    .     b - +0 scale mail
rNeg   . . .     Faith    .     c - +0 shield
rPois  .         Spirit   .     (no helmet)
rElec  .         Dismiss  .     (no cloak)
rCorr  .         Reflect  .     (no gloves)
SustAt .         Harm     .     h - +0 pair of boots
MR     .....                    (no amulet)
Stlth  ..........               (no ring)
                                (no ring)

@: not resistant to hostile enchantments, extremely unstealthy
A: no striking features
a: no special abilities


You were on level 2 of the Dungeon.
You were not hungry.

You visited 1 branch of the dungeon, and saw 2 of its levels.

You collected 16 gold pieces.

Inventory:

Hand Weapons
 a - a +0 rapier (weapon)
Armour
 b - a +0 scale mail (worn)
 c - a +0 shield (worn)
 h - a +0 pair of boots (worn)
Scrolls
 e - a scroll of identify {!r, unknown}
 j - a scroll of blinking {!r, unknown}
Potions
 d - a potion of might {!q}
 g - a potion of ambrosia {!q, unknown}
Comestibles
 f - 2 bread rations
 i - 2 chunks of flesh


   Skills:
 * Level 2.4 Fighting
 - Level 2.0 Short Blades
 * Level 2.4 Armour
 + Level 2.5 Dodging
 * Level 2.4 Shields


You had one spell level left.
You didn't know any spells.

Dungeon Overview and Level Annotations

Branches:
Dungeon (2/15)

Altars:


Message History

You kill the jackal!
No target in view!
You see here a club.
A jackal comes into view.
The jackal barks!
A jackal is nearby!
A jackal is nearby!
The jackal bites you but does no damage.
You hit the jackal.
The jackal is heavily wounded.
The jackal closely misses you. x2
A jackal comes into view.
You completely miss the jackal.
The jackal is heavily wounded.
The jackal barks!
The jackal bites you but does no damage.
You block the jackal's attack.
The jackal bites you but does no damage.
You hit the jackal.
You kill the jackal!
You block the jackal's attack.
A worm comes into view.
You hit the jackal.
You kill the jackal!
You hit the worm.
The worm is lightly wounded.
The worm bites you.
You barely miss the worm.
The worm is lightly wounded.
The worm bites you but does no damage.
You hit the worm.
The worm is moderately wounded.
You hit the worm.
The worm is moderately wounded.
You block the worm's attack.
You completely miss the worm.
The worm is moderately wounded.
The worm bites you but does no damage.
You hit the worm.
The worm is moderately wounded.
You block the worm's attack.
You hit the worm.
The worm is moderately wounded.
You hit the worm.
The worm is severely wounded.
You block the worm's attack.
You hit the worm.
The worm is severely wounded.
The worm bites you!
Ouch! That really hurt!
* * * LOW HITPOINT WARNING * * *
You hit the worm.
The worm is severely wounded.
You hit the worm.
The worm is almost dead.
The worm barely misses you.
You hit the worm.
The worm is almost dead.
You block the worm's attack.
You barely miss the worm.
The worm is almost dead.
The worm bites you!
Ouch! That really hurt!
You die...

#.##.##.#
#.....
#.......# #....
####..###
......#####.#.#
..........#.##
.....####.#.#
#.# #.#.# #w#
#####.#.# #@#
#.......# #.#
#.###.### #.#
#.# #.#
#†###.###.#
#..)......#
#####.#####
........#
#########


You could see a worm.

Vanquished Creatures
  A dart slug (D:1)
  A bat (D:1)
  A hobgoblin (D:2)
  4 jackals (D:2)
  2 giant newts (D:1)
  A goblin (D:1)
  A kobold (D:1)
  A rat (D:2)
12 creatures vanquished.

Notes
Turn   | Place    | Note
--------------------------------------------------------------
     0 | D:1      | Amnesiac the Deep Elf Fighter began the quest for the Orb.
     0 | D:1      | Reached XP level 1. HP: 13/13 MP: 3/3
    80 | D:1      | Reached skill level 1 in Dodging
   226 | D:2      | Reached XP level 2. HP: 18/18 MP: 4/4
   273 | D:2      | Slain by a worm

Skill      XL: |  1 |
---------------+----+-----
Dodging        | 2 |  2.5
Fighting       | |  2.4
Short Blades   | |  2.0
Armour         | |  2.4
Shields        | |  2.4

Action                   || total
-------------------------++-------
Melee: Rapier            ||    49
Armor: Scale mail        ||    19
Dodge: Dodged            ||    11
Block: Shield            ||    23
